AoeStats
← RoR | Vodka_L_2

Arabia

510412595Analyzed
1v1 RM · 11h ago on Sep 30, 2026· 40m 7s· 2 players
Game mode
Random Map
Map size
Tiny (2 player)
Population
200
Speed
Normal
Resources
Standard
Victory
Conquest
Starting age
Dark Age
Ending age
Imperial Age
RankedLock teamsTeams togetherTeam positionsShared explorationLock speedFull tech treeHidden civsTurbo modeCheats
Victory
Defeat
🇲🇽 Slavs · Mexico
2578
+14
🇮🇹 Chinese · Italy
2528
-14
RoR | Vodka_L_2
0:30 Loom
9:22 Feudal Age
9:51 Double-Bit Axe
11:02 Horse Collar
19:58 Castle Age
18:32 Gold Mining
19:37 Bloodlines
20:08 Scale Barding Armor
20:51 Bow Saw
22:21 Wheelbarrow
24:39 Town Watch
25:12 Husbandry
25:34 Stone Mining
30:57 Imperial Age
28:45 Fletching
30:56 Bodkin Arrow
31:22 Hand Cart
32:02 Bracer
33:01 Masonry
35:24 Chemistry
34:28 Padded Archer Armor
33:57 Cavalier
35:29 Conscription
36:36 Chain Barding Armor
36:59 Light Cavalry
38:22 Plate Barding Armor
39:01 Forging
Ux´Combito
5:29 Loom
9:48 Feudal Age
10:21 Double-Bit Axe
10:46 Horse Collar
19:07 Castle Age
17:34 Fletching
17:37 Gold Mining
20:02 Bow Saw
20:53 Wheelbarrow
20:20 Heavy Plow
21:58 Scale Mail Armor
23:51 Pikeman
25:45 Stone Mining
26:10 Hand Cart
31:33 Imperial Age
29:55 Chain Mail Armor
31:42 Detinets
31:51 Onager
33:21 Town Watch
34:40 Two-Man Saw
34:22 Siege Engineers
34:59 Ballistics
35:10 Bodkin Arrow
35:54 Plate Mail Armor
36:47 Masonry
38:08 Chemistry
36:56 Halberdier
38:06 Forging
39:18 Siege Onager
Connection lost

Rejoining the realm…

Still unreachable

The connection could not be restored.

Session expired

The server has moved on; the page needs a fresh start.